 Dungeon Crawl Stone Soup version 0.26-a0-720-g2a1d101370 (webtiles) character file.

Game seed: 5879025733172173212

723 2tc the Cleaver (level 7, -1/61 HPs)
             Began as a Deep Dwarf Fighter on Nov 3, 2020.
             Slain by an ogre
             ... wielding a +0 giant club
              (22 damage)
             ... on level 4 of the Dungeon.
             The game lasted 00:13:34 (2851 turns).

2tc the Cleaver (Deep Dwarf Fighter)                Turns: 2851, Time: 00:13:36

Health: -1/61      AC:  6    Str: 19    XL:     7   Next: 43%
Magic:  6/6        EV: 12    Int: 10    God:
Gold:   81         SH:  0    Dex: 13    Spells: 6/6 levels left

rFire    . . .     SeeInvis .   e - +0 hand axe
rCold    + . .     Faith    .   (no shield)
rNeg     . . .     Spirit   .   i - +0 ring mail
rPois    .         Reflect  .   (no helmet)
rElec    .         Harm     .   (no cloak)
rCorr    .         Rampage  .   (no gloves)
MR       +....     Clarity  +   (no boots)
Stlth    +.........             (no amulet)
HPRegen  0.00/turn              (no ring)
MPRegen  0.10/turn              j - ring of protection from cold

@: lethally poisoned (-1 -> -1), non-regenerating, slowed, drained, very slow
A: damage resistance, heal wounds, clarity, sense surroundings 1, shaggy fur 1,
no regeneration
a: Heal Wounds


You were on level 4 of the Dungeon.
You visited 1 branch of the dungeon, and saw 6 of its levels.
You also visited: Sewer.

You collected 81 gold pieces.

Inventory:

Hand Weapons
 a - a +0 war axe
 e - a +0 hand axe (weapon)
Armour
 b - a +1 scale mail
 c - a +0 kite shield
 i - a +0 ring mail (worn)
Jewellery
 j - a ring of protection from cold (right hand)
Potions
 d - a potion of flight
 f - 2 potions of heal wounds
 g - 4 potions of curing {unknown}
 h - a potion of stabbing {unknown}
 k - 4 potions of brilliance {unknown}
 l - 3 potions of might


   Skills:
 - Level 2.6(1.9) Fighting
 * Level 8.3(7.5) Axes
 - Level 3.2(2.5) Armour
 + Level 3.8(3.1) Dodging
 - Level 3.2(2.5) Shields


You had 6 spell levels left.
You didn't know any spells.
Your spell library was empty.

Dungeon Overview and Level Annotations

Branches:
Dungeon (6/15)              Sewer (visited)
 Temple: D:4-7

Altars:
Nemelex Xobeh

Annotations:
D:6 Pikel


Innate Abilities, Weirdness & Mutations

You are resistant to damage.
You can heal yourself by infusing magical energy.
You passively map a small area around you.
You do not regenerate.
You possess an exceptional clarity of mind.
You are covered in fur. (AC +1)


Message History

The ogre is lightly wounded.
You slash the worm! The orc closely misses you.
The orc wizard casts a spell.
The orc wizard blinks!
The worm closely misses you. The ogre misses you.
You hit the ogre.
The ogre is moderately wounded.
You hit the worm. The orc barely misses you. The worm bites you.
The ogre hits you with a +0 giant club!
The orc hits you from afar with a +0 trident.
You slash the ogre!
The ogre is severely wounded.
You hit the worm but do no damage. The orc hits you but does no damage.
The ogre barely misses you. The worm completely misses you.
You hit the ogre but do no damage.
The ogre is severely wounded.
You barely miss the worm. You closely miss the orc wizard.
The orc wizard points at you and mumbles some strange words.
The magic dart hits you. The orc wizard misses you. The orc closely misses you.
The ogre hits you with a +0 giant club!!
You die...

, , ,..... #......
###...#..##........, ,
*....#....##.........
..... ...#....(....#
**.##.#.##..#.........#
,,
>........?...........
#..................#
.#....w.o...........#
.....oO@............#
*,
.#...................
.............†......#
?#.................##
#................## *
#.........#>####....
*#####..####.# * ... *
, ,, ..## #.# **,.. ##
#..,,* ,. ,


You could see an ogre, a worm, an orc wizard (fast) and an orc.

Vanquished Creatures
  A centaur (D:6)
  4 lemures (D:6)
  2 big kobolds (Sewer)
  A bullfrog (D:6)
  2 scorpions
  A quasit (D:6)
  An orc priest (D:3)
  An orc wizard (D:3)
  2 worker ants
  4 gnolls (D:5)
  7 adders
  2 river rats (Sewer)
  2 oozes
  A worm (D:3)
  A leopard gecko (D:1)
  5 orcs
  6 bats
  4 giant cockroaches
  5 goblins
  2 hobgoblins
  A quokka (D:2)
  7 ball pythons
  4 frilled lizards
  15 kobolds
  A quokka zombie (D:4)
  26 rats
108 creatures vanquished.

Vanquished Creatures (others)
  A fungus (D:5)
1 creature vanquished.

Grand Total: 109 creatures vanquished

Notes
Turn   | Place    | Note
-------+----------+-------------------------------------------
     0 | D:1      | 2tc the Deep Dwarf Fighter began the quest for the Orb.
     0 | D:1      | Reached XP level 1. HP: 20/20 MP: 1/1
   281 | D:1      | Reached skill level 3 in Axes
   282 | D:1      | Reached XP level 2. HP: 25/27 MP: 2/2
   863 | D:2      | Reached XP level 3. HP: 22/33 MP: 3/3
   864 | D:2      | Gained mutation: You possess an exceptional clarity of
                  | mind. [potion of mutation]
   864 | D:2      | Gained mutation: You are covered in fur. (AC +1) [potion of
                  | mutation]
  1023 | D:2      | Reached skill level 4 in Axes
  1675 | D:3      | Reached XP level 4. HP: 23/40 MP: 4/4
  1711 | D:3      | Reached skill level 5 in Axes
  1728 | D:3      | Reached XP level 5. HP: 34/46 MP: 5/5
  1766 | D:3      | Reached skill level 6 in Axes
  1774 | D:3      | You fall into a shaft and drop 3 floors!
  1791 | D:6      | Reached skill level 1 in Dodging
  1794 | D:6      | Noticed a centaur
  1808 | D:6      | Killed a centaur
  1808 | D:6      | Reached XP level 6. HP: 38/55 MP: 6/6
  1913 | D:6      | Found a sparkling altar of Nemelex Xobeh.
  1990 | D:6      | Reached skill level 7 in Axes
  2009 | D:6      | Noticed Pikel
  2013 | D:5      | Entered Level 5 of the Dungeon
  2013 | D:5      | Found a glowing drain.
  2082 | Sewer    | Entered a sewer
  2144 | Sewer    | Reached XP level 7. HP: 10/61 MP: 6/6
  2363 | Sewer    | Reached skill level 8 in Axes
  2851 | D:4      | Slain by an ogre

Illustrated notes

Levels and vault maps discovered:
D:1:      wheals_arrival_linesprint, layout_loops_cross
D:2:      layout_basic, hangedman_abyss_or_decor_stabs
D:3:      layout_loops_ring, makhleb_grotto_becter, serial_park_tiny_pond,
          uniq_sigmund
D:4:      layout_rooms, minmay_temple_entry_poolview
D:5:      cheibrodos_thug_alley, layout_loops_ring, portal_sewer_entry_a,
          grunt_ministairs_14, minmay_mini_ossuary, uniq_crazy_yiuf_cottage
D:6:      layout_basic, amethyst_overflow_temple_binary,
          nemelex_xobeh_ov_fountains_minmay, uniq_pikel

Skill      XL: |  1  2  3  4  5  6  7 |
---------------+----------------------+-----
Axes           | 3 4 5 6 7 8 |  8.3
Dodging        | 1 3 |  3.8
Fighting       | |  2.6
Armour         | |  3.2
Shields        | |  3.2

Action                   |  1- 3 |  4- 6 |  7- 9 || total
-------------------------+-------+-------+-------++-------
Melee: War axe           |    30 |       |       ||    30
       Hand axe          |    70 |   194 |   121 ||   385
 Abil: Heal Wounds       |       |     4 |       ||     4
  Use: Scroll            |     5 |     2 |     1 ||     8
       Potion            |     2 |     2 |     3 ||     7
Armor: Scale mail        |    71 |    23 |       ||    94
       Ring mail         |       |    46 |    42 ||    88
Dodge: Dodged            |    49 |   114 |    82 ||   245

Table legend: (Time is in decaauts)
 A = Elapsed time spent in this place.
 B = Non-inter-level travel time spent in this place.
 C = Inter-level travel time spent in this place.
 D = Time resting spent in this place.
 E = Time spent auto-exploring this place.
 F = Levels seen in this place.
 G = Mean time per level.
                   A        B        C        D        E       F      G
               +--------+--------+--------+--------+--------+-----+--------+
         Total |   2878 |   2793 |     85 |    239 |   1564 |   7 |  411.1 |
       Dungeon |   2202 |   2117 |     85 |    237 |   1309 |   6 |  367.0 |
         Sewer |    676 |    676 |      0 |      2 |    255 |   1 |  676.0 |
               +--------+--------+--------+--------+--------+-----+--------+

Top non-repeatable levels by time:
     D:1: 820 daAuts
     D:2: 815 daAuts
   Sewer: 676 daAuts
     D:6: 236 daAuts
     D:3: 150 daAuts
     D:5: 95 daAuts
     D:4: 84 daAuts
